PCL
MILE HIGH BRONCOS @ CALGARY COWBOYS
09/07/2023
 
TOP OF THE 1ST
Mile High Broncos batting - Pitching for Calgary Cowboys : RHP Abraham Hes
Pitching: RHP Abraham Hes
Batting: RHB Vincente Ventura 0-0: Swinging Strike
0-1: Ground out 1-3 (Groundball, 23)
Batting: RHB Phil White 0-0: Ball
1-0: Ball
2-0: Foul Ball, location: 2F
2-1: Ball
3-1: Base on Balls
Batting: LHB Bill Houston 0-0: Called Strike
0-1: Swinging Strike
0-2: Strikes out looking
Batting: RHB José Herrera 0-0: Swinging Strike
0-1: Ball
1-1: Fly out, F7 (Flyball, 78S)
Top of the 1st over - 0 run(s), 0 hit(s), 0 error(s), 1 left on base; Mile High 0 - Calgary 0
BOTTOM OF THE 1ST
Calgary Cowboys batting - Pitching for Mile High Broncos : RHP Luis Salazar
Pitching: RHP Luis Salazar
Batting: RHB Clark Hodge 0-0: SINGLE (Line Drive, 6D)
Batting: RHB Mike Wilcox 0-0: Foul Ball, location: 2F
0-1: Ball
1-1: Ball
2-1: Grounds into double play, 6-4-3 (Groundball, 6)
Batting: RHB Dan Wyatt 0-0: Ball
1-0: Called Strike
1-1: Ball
2-1: Swinging Strike
2-2: SINGLE (Line Drive, 5D)
Batting: RHB Cristián Peña 0-0: Ball
1-0: Ball
2-0: Ground out 6-3 (Groundball, 6)
Bottom of the 1st over - 0 run(s), 2 hit(s), 0 error(s), 1 left on base; Mile High 0 - Calgary 0
TOP OF THE 2ND
Mile High Broncos batting - Pitching for Calgary Cowboys : RHP Abraham Hes
Batting: RHB Juan Jose Guevana 0-0: Ball
1-0: Ball
2-0: Foul Ball, location: 2F
2-1: Ground out 4-3 (Groundball, 4)
Batting: RHB Jesús Espinoza 0-0: Swinging Strike
0-1: Swinging Strike
0-2: Ball
1-2: Strikes out swinging
Batting: RHB Su-kweon Yu 0-0: Called Strike
0-1: Ball
1-1: Called Strike
1-2: Ball
2-2: Ball
3-2: Foul Ball, location: 2F
3-2: Strikes out swinging
Top of the 2nd over - 0 run(s), 0 hit(s), 0 error(s), 0 left on base; Mile High 0 - Calgary 0
BOTTOM OF THE 2ND
Calgary Cowboys batting - Pitching for Mile High Broncos : RHP Luis Salazar
Batting: LHB Al Ryan 0-0: Swinging Strike
0-1: Ball
1-1: Swinging Strike
1-2: Ball
2-2: Strikes out swinging
Batting: RHB Derek Carr 0-0: Ball
1-0: Foul Ball, location: 2F
1-1: Ball
2-1: Ball
3-1: Foul Ball, location: 2F
3-2: Foul Ball, location: 2F
3-2: Strikes out swinging
Batting: RHB Jorge Balencia 0-0: Ball
1-0: Ball
2-0: SINGLE (Line Drive, 3D)
Batting: RHB Steven Jennings 0-0: Called Strike
0-1: Ground out 4-3 (Groundball, 4)
Bottom of the 2nd over - 0 run(s), 1 hit(s), 0 error(s), 1 left on base; Mile High 0 - Calgary 0
TOP OF THE 3RD
Mile High Broncos batting - Pitching for Calgary Cowboys : RHP Abraham Hes
Batting: RHB Ximena Campos 0-0: Called Strike
0-1: Ball
1-1: Foul Ball, location: 2F
1-2: Foul Ball, location: 2F
1-2: Ball
2-2: SINGLE (Groundball, 34D)
Batting: SHB Tom Stevens 0-0: Called Strike
0-1: Called Strike
0-2: Ball
1-2: Strikes out swinging
Batting: RHB Vincente Ventura 0-0: Ball
1-0: SINGLE (Groundball, 56D)
Ximena Campos to second
Batting: RHB Phil White 0-0: Ball
1-0: Called Strike
1-1: Ball
2-1: Ball
3-1: Called Strike
3-2: Base on Balls
Ximena Campos to third
Vincente Ventura to second
Batting: LHB Bill Houston 0-0: Swinging Strike
0-1: Ball
1-1: Swinging Strike
1-2: Strikes out swinging
Batting: RHB José Herrera 0-0: Ball
1-0: Called Strike
1-1: Called Strike
1-2: Strikes out swinging
Top of the 3rd over - 0 run(s), 2 hit(s), 0 error(s), 3 left on base; Mile High 0 - Calgary 0
BOTTOM OF THE 3RD
Calgary Cowboys batting - Pitching for Mile High Broncos : RHP Luis Salazar
Batting: LHB Freddy Herrera 0-0: Ball
1-0: Ball
2-0: Ball
3-0: Called Strike
3-1: Fly out, F5 (Popup, 5SF)
Batting: RHB Clark Hodge 0-0: Ball
1-0: Foul Ball, location: 2F
1-1: Ball
2-1: Ball
3-1: Base on Balls
Batting: RHB Mike Wilcox 0-0: Called Strike
0-1: Ball
1-1: 2-RUN HOME RUN (Flyball, 7D), Distance : 381 ft
Batting: RHB Dan Wyatt 0-0: Foul Ball, location: 2F
0-1: Ball
1-1: Ball
2-1: Foul Ball, location: 2F
2-2: Foul Ball, location: 2F
2-2: Foul Ball, location: 2F
2-2: Ball
3-2: Ground out 5-3 (Groundball, 5)
Batting: RHB Cristián Peña 0-0: Foul Ball, location: 2F
0-1: Foul Ball, location: 2F
0-2: Ball
1-2: Foul Ball, location: 2F
1-2: Ball
2-2: SINGLE (Groundball, 6M)
Batting: LHB Al Ryan 0-0: Ball
1-0: Swinging Strike
1-1: Ball
2-1: Foul Ball, location: 2F
2-2: Foul Ball, location: 2F
2-2: Fly out, F3 (Line Drive, 3L)
Bottom of the 3rd over - 2 run(s), 2 hit(s), 0 error(s), 1 left on base; Mile High 0 - Calgary 2
TOP OF THE 4TH
Mile High Broncos batting - Pitching for Calgary Cowboys : RHP Abraham Hes
Batting: RHB Juan Jose Guevana 0-0: Ball
1-0: Ball
2-0: Ground out 6-3 (Groundball, 6)
Batting: RHB Jesús Espinoza 0-0: Ground out 6-3 (Groundball, 6)
Batting: RHB Su-kweon Yu 0-0: Ball
1-0: Called Strike
1-1: Ball
2-1: Ball
3-1: Foul Ball, location: 2F
3-2: Foul Ball, location: 2F
3-2: Ground out 1-3 (Groundball, 13S)
Top of the 4th over - 0 run(s), 0 hit(s), 0 error(s), 0 left on base; Mile High 0 - Calgary 2
BOTTOM OF THE 4TH
Calgary Cowboys batting - Pitching for Mile High Broncos : RHP Luis Salazar
Batting: RHB Derek Carr 0-0: Called Strike
0-1: Ball
1-1: Swinging Strike
1-2: Ball
2-2: Foul Ball, location: 2F
2-2: Foul Ball, location: 2F
2-2: Foul Ball, location: 2F
2-2: Strikes out swinging
Batting: RHB Jorge Balencia 0-0: Ball
1-0: Ball
2-0: Fly out, F8 (Flyball, 8LM)
Batting: RHB Steven Jennings 0-0: Called Strike
0-1: Foul Ball, location: 2F
0-2: DOUBLE (Line Drive, 89XD)
Batting: LHB Freddy Herrera 0-0: Called Strike
0-1: Ball
1-1: Called Strike
1-2: Ball
2-2: Foul Ball, location: 2F
2-2: Ground out U3 (Groundball, 3S)
Bottom of the 4th over - 0 run(s), 1 hit(s), 0 error(s), 1 left on base; Mile High 0 - Calgary 2
TOP OF THE 5TH
Mile High Broncos batting - Pitching for Calgary Cowboys : RHP Abraham Hes
Batting: RHB Ximena Campos 0-0: Ball
1-0: Called Strike
1-1: Ball
2-1: Foul Ball, location: 2F
2-2: Foul Ball, location: 2F
2-2: Strikes out looking
Batting: SHB Tom Stevens 0-0: Ball
1-0: Ball
2-0: Ground out 6-3 (Groundball, 6M)
Batting: RHB Vincente Ventura 0-0: Foul Ball, location: 2F
0-1: Foul Ball, location: 2F
0-2: Foul Ball, location: 2F
0-2: Ball
1-2: Strikes out swinging
Top of the 5th over - 0 run(s), 0 hit(s), 0 error(s), 0 left on base; Mile High 0 - Calgary 2
BOTTOM OF THE 5TH
Calgary Cowboys batting - Pitching for Mile High Broncos : RHP Luis Salazar
Batting: RHB Clark Hodge 0-0: Ball
1-0: Called Strike
1-1: Fly out, F9 (Flyball, 9M)
Batting: RHB Mike Wilcox 0-0: Ball
1-0: Swinging Strike
1-1: Swinging Strike
1-2: Strikes out swinging
Batting: RHB Dan Wyatt 0-0: Called Strike
0-1: Called Strike
0-2: Ball
1-2: SINGLE (Groundball, 5D)
Batting: RHB Cristián Peña 0-0: Foul Ball, location: 2F
0-1: Ball
1-1: Ball
2-1: Foul Ball, location: 2F
2-2: Ball
Dan Wyatt is caught stealing 2nd base
Bottom of the 5th over - 0 run(s), 1 hit(s), 0 error(s), 0 left on base; Mile High 0 - Calgary 2
TOP OF THE 6TH
Mile High Broncos batting - Pitching for Calgary Cowboys : RHP Abraham Hes
Batting: RHB Phil White 0-0: Foul Ball, location: 2F
0-1: Ball
1-1: Foul Ball, location: 2F
1-2: Foul Ball, location: 2F
1-2: Ball
2-2: Ball
3-2: Base on Balls
Batting: LHB Bill Houston 0-0: Ball
1-0: Fly out, F9 (Flyball, 89XD)
Batting: RHB José Herrera 0-0: Ball
1-0: Fly out, F9 (Flyball, 89S)
Batting: RHB Juan Jose Guevana 0-0: Ball
1-0: Called Strike
1-1: Ball
2-1: Foul Ball, location: 2F
2-2: Foul Ball, location: 2F
2-2: Strikes out swinging
Top of the 6th over - 0 run(s), 0 hit(s), 0 error(s), 1 left on base; Mile High 0 - Calgary 2
BOTTOM OF THE 6TH
Calgary Cowboys batting - Pitching for Mile High Broncos : RHP Luis Salazar
Batting: RHB Cristián Peña 0-0: Ball
1-0: Ground out 5-3 (Groundball, 15S)
Pitching: LHP Mark Stewart
Batting: LHB Al Ryan 0-0: Called Strike
0-1: Ball
1-1: Called Strike
1-2: Foul Ball, location: 2F
1-2: Ball
2-2: Foul Ball, location: 2F
2-2: Ball
3-2: Base on Balls
Batting: RHB Derek Carr 0-0: Called Strike
0-1: Ball
1-1: Grounds into double play, 6-4-3 (Groundball, 6)
Bottom of the 6th over - 0 run(s), 0 hit(s), 0 error(s), 0 left on base; Mile High 0 - Calgary 2
TOP OF THE 7TH
Mile High Broncos batting - Pitching for Calgary Cowboys : RHP Abraham Hes
Batting: RHB Jesús Espinoza 0-0: Ball
1-0: DOUBLE (Groundball, 3L)
Batting: RHB Su-kweon Yu 0-0: Ball
1-0: Ball
2-0: Foul Ball, location: 2F
2-1: Ball
3-1: SINGLE (Line Drive, 89S)
Jesús Espinoza to third
Pitching: RHP Richard Boyd
Batting: RHB Ximena Campos 0-0: Swinging Strike
0-1: Ball
1-1: Foul Ball, location: 2F
1-2: Foul Ball, location: 2F
1-2: Foul Ball, location: 2F
1-2: Foul Ball, location: 2F
1-2: Ball
2-2: Strikes out looking
Batting: SHB Tom Stevens 0-0: Ball
1-0: Foul Ball, location: 2F
1-1: Foul Ball, location: 2F
1-2: Foul Ball, location: 2F
1-2: Ground out 3-1 (Groundball, 34S)
Jesús Espinoza scores
Su-kweon Yu to second
Pinch Hitting: RHB Juan Gonzáles 0-0: Foul Ball, location: 2F
0-1: Ball
1-1: Foul Ball, location: 2F
1-2: Fly out, F7 (Flyball, 78D)
Top of the 7th over - 1 run(s), 2 hit(s), 0 error(s), 1 left on base; Mile High 1 - Calgary 2
BOTTOM OF THE 7TH
Calgary Cowboys batting - Pitching for Mile High Broncos : LHP Mark Stewart
Now at 2B: Juan Gonzáles
Batting: RHB Jorge Balencia 0-0: Ball
1-0: Ball
2-0: SINGLE (Flyball, 89S)
Batting: RHB Steven Jennings 0-0: Ball
1-0: Sac Bunt - play at first, batter OUT! 5-4
Jorge Balencia to second
Pinch Hitting: RHB Shayne Burry 0-0: Called Strike
0-1: Ball
1-1: Called Strike
1-2: Foul Ball, location: 2F
1-2: Ball
2-2: Strikes out swinging
Batting: RHB Clark Hodge 0-0: Foul Ball, location: 2F
0-1: Ball
1-1: Ball
2-1: Foul Ball, location: 2F
2-2: Foul Ball, location: 2F
2-2: Foul Ball, location: 2F
2-2: Foul Ball, location: 2F
2-2: Foul Ball, location: 2F
2-2: Ball
3-2: Foul Ball, location: 2F
3-2: Ground out 2-3 (Groundball, 25)
Bottom of the 7th over - 0 run(s), 1 hit(s), 0 error(s), 1 left on base; Mile High 1 - Calgary 2
TOP OF THE 8TH
Mile High Broncos batting - Pitching for Calgary Cowboys : RHP Richard Boyd
Pitching: RHP Takafumi Ogusuku
Now at 3B: Ramón Martínez
Batting: RHB Phil White 0-0: Called Strike
0-1: Ball
1-1: Foul Ball, location: 2F
1-2: Foul Ball, location: 2F
1-2: Strikes out looking
Pitching: LHP Alfredo Durán
Batting: LHB Bill Houston 0-0: Called Strike
0-1: Ball
1-1: Foul Ball, location: 2F
1-2: Ball
2-2: Ball
3-2: Foul Ball, location: 2F
3-2: Foul Ball, location: 2F
3-2: SINGLE (Groundball, 34D) (infield hit)
Pitching: RHP Mitsunari Jouda
Batting: RHB José Herrera 0-0: Ball
1-0: Foul Ball, location: 2F
1-1: Ball
2-1: Foul Ball, location: 2F
2-2: Fly out, F3 (Popup, 3F)
Batting: RHB Juan Jose Guevana 0-0: Foul Ball, location: 2F
0-1: Fly out, F7 (Flyball, 78M)
Top of the 8th over - 0 run(s), 1 hit(s), 0 error(s), 1 left on base; Mile High 1 - Calgary 2
BOTTOM OF THE 8TH
Calgary Cowboys batting - Pitching for Mile High Broncos : LHP Mark Stewart
Batting: RHB Mike Wilcox 0-0: Ball
1-0: Foul Ball, location: 2F
1-1: Foul Ball, location: 2F
1-2: Foul Ball, location: 2F
1-2: Ball
2-2: Ground out 6-3 (Groundball, 6M)
Pitching: RHP Dave Powers
Batting: RHB Dan Wyatt 0-0: Called Strike
0-1: Ball
1-1: Foul Ball, location: 2F
1-2: Ball
2-2: Ground out 5-3 (Groundball, 5)
Batting: RHB Cristián Peña 0-0: Called Strike
0-1: Fly out, F9 (Flyball, 9LD)
Bottom of the 8th over - 0 run(s), 0 hit(s), 0 error(s), 0 left on base; Mile High 1 - Calgary 2
TOP OF THE 9TH
Mile High Broncos batting - Pitching for Calgary Cowboys : RHP Mitsunari Jouda
Pitching: RHP Eric Bell
Batting: RHB Jesús Espinoza 0-0: SINGLE (Groundball, 56D)
Batting: RHB Su-kweon Yu 0-0: Sac Bunt - play at first, batter OUT! 3-4
Jesús Espinoza to second
Batting: RHB Ximena Campos 0-0: Ball
1-0: Ball
2-0: Swinging Strike
2-1: Foul Ball, location: 2F
2-2: Fly out, F8 (Flyball, 78D)
Batting: SHB Tom Stevens 0-0: Ball
1-0: Called Strike
1-1: Ball
2-1: Called Strike
2-2: Strikes out looking
Top of the 9th over - 0 run(s), 1 hit(s), 0 error(s), 1 left on base; Mile High 1 - Calgary 2
This league is powered by Out of the Park Baseball, the baseball management simulation game for PC, Mac and Linux
Wednesday, December 2nd, 2015 - OOTP Baseball 16.8 Build 38